 Dungeon Crawl Stone Soup version 0.29.1-15-g9cfb28693d (webtiles) character file.

Game seed: 862338975281071881

58 drjones the Slasher (level 4, -2/34 HPs)
             Began as a Merfolk Gladiator on Apr 9, 2023.
             Was a Follower of Okawaru.
             Killed by divine providence
             ... invoked by an orc priest
              (15 damage)
             ... on level 3 of the Dungeon.
             The game lasted 00:07:51 (2465 turns).

drjones the Slasher (Merfolk Gladiator)             Turns: 2465, Time: 00:07:51

Health: -2/34      AC:  5    Str: 14    XL:     4   Next: 2%
Magic:  13/13      EV: 14    Int:  7    God:    Okawaru [*.....]
Gold:   156        SH:  0    Dex: 21    Spells: 3/3 levels left

rFire   . . .      SeeInvis .   a - +0 long sword
rCold   . . .      Faith    .   (no shield)
rNeg    . . .      Spirit   .   h - +1 leather armour of Fabulous Birdsong {Fly Will+ MP+9 Dex+4}
rPois   .          Reflect  .   c - +0 helmet
rElec   .          Harm     .   (no cloak)
rCorr   .          Rampage  .   (no gloves)
Will    +....                   (no boots)
Stlth   ++........              (no amulet)
HPRegen 0.11/turn               (no ring)
MPRegen 0.13/turn               (no ring)

@: flying
A: (nimble swimmer 2), mertail
a: Renounce Religion, Heroism


You were on level 3 of the Dungeon.
You worshipped Okawaru.
Okawaru was aware of your devotion.
You visited 1 branch of the dungeon, and saw 3 of its levels.

You collected 156 gold pieces.

Inventory:

Hand Weapons
 a - a +0 long sword (weapon)
Missiles
 d - 2 throwing nets (quivered)
 e - a javelin
 g - 2 datura-tipped darts
 l - 3 poisoned darts
Armour
 c - a +0 helmet (worn)
 h - the +1 leather armour of Fabulous Birdsong (worn) {Fly Will+ MP+9 Dex+4}
   (You found it on level 2 of the Dungeon)

   Dex:       It affects your dexterity (+4).
   MP:        It affects your magic capacity (+9).
   Fly:       It grants you flight.
   Will:      It increases your willpower.
Scrolls
 i - a scroll of identify {unknown}
 k - a scroll of fog {unknown}
 n - a scroll of teleportation
Potions
 b - 2 potions of flight {unknown}
 f - a potion of magic {unknown}
 j - a potion of heal wounds {unknown}
 m - a potion of might


   Skills:
 - Level 2.3 Fighting
 + Level 5.2 Long Blades
 - Level 2.1 Throwing
 - Level 4.1 Dodging
 + Level 1.2 Invocations


You had 3 spell levels left.
You didn't know any spells.
Your spell library contained the following spells:

 Spells                   Type           Power      Damage    Failure   Level
 Static Discharge         Conj/Air       0%         3-3/arc   65%         2
 Dispel Undead            Necr           0%         3d6       99%         4
 Sticky Flame             Conj/Fire      0%         2d3       99%         4


Dungeon Overview and Level Annotations

Branches:
Dungeon (3/15)

Altars:
Okawaru
Uskayaw
Vehumet

Annotations:
D:2 1 runed translucent door, 1 exclusion, Crazy Yiuf, Natasha, Terence


Innate Abilities, Weirdness & Mutations

((You are very nimble when in or above water. (Stealth+, EV+, Speed+++)))
Your lower body shifts to a powerful aquatic tail in water.


Message History

Okawaru accepts your kill.
You hit the orc.
The orc is almost dead.
The orc priest calls upon Beogh to heal the orc.
The orc is healed somewhat.
The orc closely misses you. The orc hits you but does no damage.
You closely miss the orc.
The orc is lightly wounded.
The orc priest casts a cantrip, but nothing happens.
The orc hits you with a +0 club.
You closely miss the orc.
The orc is lightly wounded.
The orc priest calls upon Beogh to heal the orc.
The orc's wounds heal themselves!
The orc misses you.
You barely miss the orc. The orc barely misses you.
You hit the orc but do no damage. The orc barely misses you.
You hit the orc.
The orc is heavily wounded.
The orc completely misses you.
You completely miss the orc.
The orc is heavily wounded.
The orc priest looks braver for a moment.
The orc misses you.
You slash the orc!
You kill the orc!
Okawaru accepts your kill.
The orc priest calls down the wrath of Beogh upon you.
Beogh smites you!
Ouch! That really hurt!
The orc priest looks encouraged for a moment.
You have reached level 4!
You fail to use your ability.
The orc priest miscasts a cantrip.
The orc priest completely misses you.
Things that are here:
a +0 club; a +0 leather armour; a +0 club You barely miss the orc priest.
The orc priest calls down the wrath of Beogh upon you.
Beogh smites you!
You die...

#.....#..#.......###.##....#.#
#.......#.......# #. #.####.#
....###.##.......# #....#....#
#................# ######.####
..............>..# ####.#
...#.#<....#.#.#.# #<...# ..
#.......#.#.#.# ######
###.....#...#.# #.#..####.#@#
#.#..# #.#o# #.##.. #.#.# ###
#.#.. #.### #..


You could see an orc priest.

Vanquished Creatures
  An adder (D:2)
  2 orcs (D:3)
  A ball python (D:1)
  6 bats
  5 endoplasms (D:1)
  2 giant cockroaches (D:1)
  2 goblins
  6 hobgoblins (D:1)
  5 jackals
  2 quokkas
  A frilled lizard (D:1)
  3 kobolds (D:1)
  4 rats
40 creatures vanquished.

Vanquished Creatures (others)
  2 demonic plants (D:1)
2 creatures vanquished.

Grand Total: 42 creatures vanquished

Notes
Turn   | Place    | Note
-------+----------+-------------------------------------------
     0 | D:1      | drjones the Merfolk Gladiator began the quest for the Orb.
     0 | D:1      | Reached XP level 1. HP: 16/16 MP: 1/1
   252 | D:1      | Reached XP level 2. HP: 23/23 MP: 2/2
   256 | D:1      | Reached skill level 4 in Long Blades
   723 | D:1      | Reached XP level 3. HP: 26/28 MP: 3/3
  1024 | D:1      | Found a faded altar of an unknown god.
  1024 | D:1      | Noticed a hellion
  1032 | D:1      | Prayed at the altar of an unknown god.
  1032 | D:1      | Became a worshipper of Warmaster Okawaru
  1032 | D:1      | Reached * piety under Okawaru
  1073 | D:1      | Reached skill level 5 in Long Blades
  1282 | D:2      | Noticed Natasha
  1298 | D:2      | Noticed Terence
  1792 | D:2      | Identified the +1 leather armour of Fabulous Birdsong {Fly
                  | Will+ MP+9 Dex+4}
  1986 | D:2      | Reached skill level 1 in Invocations
  2089 | D:2      | Found a hide-covered altar of Uskayaw.
  2266 | D:2      | Found a runed translucent door.
  2267 | D:2      | Noticed Crazy Yiuf
  2360 | D:3      | Found a radiant altar of Vehumet.
  2463 | D:3      | Reached XP level 4. HP: 12/34 MP: 4/4
  2465 | D:3      | Killed from afar by an orc priest

Illustrated notes

Levels and vault maps discovered:
D:1:      minmay_arrival_four_houses, layout_loops_cross,
          dreamdust_ecumenical_altar_sealed_demon
D:2:      layout_loops_corners, basic_altar, uniq_crazy_yiuf_cottage,
          uniq_terence, uniq_natasha
D:3:      layout_basic, amcnicky_altar_gilded

Skill      XL: |  1  2  3 |
---------------+----------+-----
Long Blades    | 4 5 |  5.2
Invocations    | 1 |  1.2
Fighting       | |  2.3
Throwing       | |  2.1
Dodging        | |  4.1

Action                   |  1- 3 |  4- 6 || total
-------------------------+-------+-------++-------
Melee: Long sword        |   130 |     1 ||   131
       Punch             |     1 |       ||     1
Throw: Throwing net      |     1 |       ||     1
  Use: Scroll            |     5 |       ||     5
 Stab: Sleeping          |     1 |       ||     1
Armor: Leather armour    |    44 |       ||    44
Dodge: Dodged            |   118 |     1 ||   119
